 Dungeon Crawl Stone Soup version 0.20-a0-647-gf178af5 (webtiles) character file.

58 Minion the Skirmisher (level 3, -7/29 HPs)
             Began as a Mummy Fighter on Feb 15, 2017.
             Mangled by a gnoll
             ... wielding a +0 halberd
              (8 damage)
             ... on level 2 of the Dungeon.
             The game lasted 00:03:20 (1415 turns).

Minion the Skirmisher (Mummy Fighter)               Turns: 1415, Time: 00:03:20

Health: -7/29      AC:  6    Str: 20    XL:     3   Next: 75%
Magic:  3/3        EV:  8    Int:  7    God:
Gold:   71         SH:  8    Dex: 11    Spells: 2/2 levels left

rFire    x . .     SeeInvis .   a - +0 flail
rCold    + . .     Gourm    .   b - +0 scale mail
rNeg     + + +     Faith    .   c - +0 shield
rPois    ∞         Spirit   .   (no helmet)
rElec    .         Reflect  .   (no cloak)
rCorr    .         Harm     .   (no gloves)
MR       .....                  (no boots)
Stlth    ..........             (no amulet)
Regen    0.1/turn               (no ring)
MPRegen  0.1/turn               f - +1 ring of evasion

@: no status effects
A: no food or potions, fire vulnerability, cold resistance 1, negative energy
resistance 3, torment resistance, unbreathing
a: no special abilities


You were on level 2 of the Dungeon.
You were not hungry.

You visited 1 branch of the dungeon, and saw 2 of its levels.

You collected 71 gold pieces.

Inventory:

Hand Weapons
 a - a +0 flail (weapon)
Armour
 b - a +0 scale mail (worn)
 c - a +0 shield (worn)
 h - a +1 robe of positive energy
Jewellery
 f - a +1 ring of evasion (left hand)
Scrolls
 d - 2 scrolls of magic mapping {unknown}
 e - 2 scrolls of enchant armour {unknown}
 g - 3 scrolls of immolation {unknown}
 i - 2 scrolls of teleportation {unknown}
 j - a scroll of remove curse {unknown}
 k - a scroll of recharging {unknown}
 l - a scroll of amnesia {unknown}
 m - a scroll of identify {unknown}


   Skills:
 - Level 3.0 Fighting
 - Level 3.0 Maces & Flails
 - Level 2.4 Armour
 + Level 1.2 Dodging
 - Level 2.4 Shields


You had 2 spell levels left.
You didn't know any spells.

Dungeon Overview and Level Annotations

Branches:
Dungeon (2/15)

Altars:


Innate Abilities, Weirdness & Mutations

You do not eat or drink.
Your flesh is vulnerable to fire.
You are immune to poison.
Your flesh is cold resistant. (rC+)
You are immune to negative energy. (rN+++)
You are immune to unholy pain and torment.
You can survive without breathing.


Message History

You closely miss the adder.
The adder is almost dead.
The adder barely misses you. You block the gnoll's attack.
The adder closely misses you.
You barely miss the adder.
The adder is almost dead.
The gnoll hits you from afar with a halberd!
You block the adder's attack. The adder bites you but does no damage.
You closely miss the adder.
The adder is almost dead.
The gnoll hits you from afar with a halberd.
The adder bites you but does no damage.
The gnoll hits you from afar with a halberd!
* * * LOW HITPOINT WARNING * * *
The adder barely misses you.
Your shield and scale mail prevent you from hitting the adder.
The adder is almost dead.
You block the adder's attack.
The gnoll hits you from afar with a halberd!
You die...

#...# #...#
#...# #...#
#.######.g.#
#.......#g##
#######.#g#
# #.#S# .#
#.#@##.##
#.#.#.....
#.%......#
#...####.#
#...#.....
#...##.#.#
#...##.#.#
#...##.#†#
#...##.#.#


You could see 3 gnolls and an adder.

Vanquished Creatures
  2 adders (D:2)
  An adder zombie (D:1)
  A dart slug (D:1)
  A leopard gecko (D:1)
  A goblin (D:1)
  3 hobgoblins
  5 jackals (D:1)
  3 bats
  5 frilled lizards
  7 kobolds
  A quokka zombie (D:1)
  5 rats
35 creatures vanquished.

Notes
Turn   | Place    | Note
-------+----------+-------------------------------------------
     0 | D:1      | Minion the Mummy Fighter began the quest for the Orb.
     0 | D:1      | Reached XP level 1. HP: 18/18 MP: 1/1
   179 | D:1      | Reached XP level 2. HP: 19/24 MP: 2/2
   587 | D:1      | Reached XP level 3. HP: 29/29 MP: 3/3
  1288 | D:2      | Reached skill level 1 in Dodging
  1413 | D:2      | HP: 1/29 [gnoll/halberd (11)]
  1415 | D:2      | Mangled by a gnoll

Vault maps used:
D:1:      saegor_arrival_fortress, minivault_25
D:2:      lemuel_upstairs_altar, first_bread, minmay_joined_circles

Skill      XL: |  1  2  3 |
---------------+----------+-----
Maces & Flails | 2 3 |  3.0
Dodging        | 1 |  1.2
Fighting       | |  3.0
Armour         | |  2.4
Shields        | |  2.4

Action                   || total
-------------------------++-------
Melee: Flail             ||   166
Armor: Scale mail        ||    64
Dodge: Dodged            ||    63
Block: Shield            ||    80
